 Dungeon Crawl Stone Soup version 0.21-a0-110-g8e1637b (webtiles) character file.

12626 MackTheKnife the Destroyer (level 11, -3/95 HPs)
             Began as a Black Draconian Fire Elementalist on July 9, 2017.
             Was an Elder of Vehumet.
             Killed themself with a badly aimed orb of electricity (11 damage)
             ... on level 11 of the Dungeon.
             The game lasted 00:26:17 (12968 turns).

MackTheKnife the Destroyer (DrFE)                  Turns: 12968, Time: 00:26:18

Health: -3/95      AC: 11    Str: 10    XL:     11   Next: 64%
Magic:  9/24       EV: 17    Int: 20    God:    Vehumet [****..]
Gold:   906        SH:  0    Dex: 11    Spells: 9/29 levels left

rFire    . . .     SeeInvis .   p - +1 great sword
rCold    + . .     Gourm    .   (shield currently unavailable)
rNeg     . . .     Faith    .   (armour unavailable)
rPois    .         Spirit   .   (helmet restricted)
rElec    +         Reflect  .   (no cloak)
rCorr    .         Harm     .   i - +2 pair of gloves
MR       .....                  w - +0 pair of boots
Stlth    ++........             l - amulet of magic regeneration
HPRegen  0.25/turn              z - +1 ring of evasion
MPRegen  0.44/turn              v - ring of protection from cold (curse) {rC+, !d}

@: no status effects
A: breathe lightning, unfitting armour, electricity resistance, cold-blooded, AC
+7
a: Breathe Lightning, Renounce Religion


You were on level 11 of the Dungeon.
You worshipped Vehumet.
Vehumet was greatly pleased with you.
You were hungry.

You visited 2 branches of the dungeon, and saw 13 of its levels.

You collected 906 gold pieces.

Inventory:

Hand Weapons
 p - a +1 great sword (weapon)
   (You found it on level 4 of the Dungeon)
Missiles
 C - a throwing net {=f, !d}
Armour
 i - a +2 pair of gloves (worn)
   (You found it on level 3 of the Dungeon)
 w - a +0 pair of boots (worn)
   (You found it on level 8 of the Dungeon)
Jewellery
 l - an amulet of magic regeneration (around neck)
   (You found it on level 3 of the Dungeon)
 v - a cursed ring of protection from cold (right hand) {rC+, !d}
   (You found it on level 11 of the Dungeon)
 y - an uncursed amulet of rage {unknown}
   (You found it on level 9 of the Dungeon)
 z - a +1 ring of evasion (left hand)
   (You found it on level 10 of the Dungeon)
Wands
 x - a wand of iceblast (8/15)
   (You found it on level 8 of the Dungeon)
Scrolls
 n - 2 scrolls of immolation {!r}
 o - 5 scrolls of teleportation
 q - 6 scrolls of remove curse
 s - 2 scrolls of magic mapping {!r}
 t - a scroll of vulnerability {!r!r}
 B - a scroll of fog
Potions
 c - 2 potions of heal wounds {unknown}
 e - 2 potions of agility
 f - 3 potions of brilliance
 g - 3 potions of haste
 j - 3 potions of curing
 r - a potion of ambrosia
 u - a potion of flight
 A - a potion of lignification {!q}
 D - a potion of might {unknown}
Books
 a - a book of Flames
 m - a book of Maledictions
   (You found it on level 6 of the Dungeon)
Comestibles
 b - 3 bread rations {@e1}
 d - 19 fruits
 h - 4 meat rations {@e2}
 k - 12 royal jellies


   Skills:
 - Level 8.9 Fighting
 - Level 8.0 Dodging
 - Level 1.7 Stealth
 + Level 9.8 Spellcasting
 + Level 10.4 Conjurations
 - Level 3.2 Fire Magic


You had 9 spell levels left.
You knew the following spells:

 Your Spells              Type           Power        Failure   Level  Hunger
a - Iskenderun's Battles  Conj/Chrm      ####....     6%          5    #####..
c - Conjure Flame         Conj/Fire      #####...     1%          3    None
f - Fireball              Conj/Fire      #####.....   3%          5    #####..
s - Sticky Flame          Conj/Fire      #####...     1%          4    ##.....
x - Throw Flame           Conj/Fire      #####.       1%          2    None
z - Flame Tongue          Conj/Fire      #####        1%          1    None


Dungeon Overview and Level Annotations

Branches:
Dungeon (12/15)            Temple (1/1) D:4            Lair (0/6) D:9
    Orc (0/2) D:10

Altars:
Dithmenos
Fedhas
Qazlal
Vehumet
Zin

Shops:
D:8 ?


Innate Abilities, Weirdness & Mutations

You can breathe wild blasts of lightning.
Your glossy black scales are hard. (AC +7)
You cannot fit into any form of body armour.
You are resistant to electric shocks. (rElec)
You are cold-blooded and may be slowed by cold attacks.


Message History

Vehumet accepts your kill.
You feel your power returning.
The fireball engulfs the orc wizard.
You hear two shouts!
You now have 20/24 mp.
Unknown command.
Aim: an orc wizard, wielding an enchanted dagger and wearing a robe (almost dead)
The fireball explodes!
The fireball engulfs the orc wizard.
You kill the orc wizard!
Vehumet accepts your kill.
You feel your power returning.
The orc wizard gestures wildly while chanting.
The orc wizard seems to speed up.
A slime creature comes into view.
You now have 17/24 mp.
Aim: an orc wizard, wielding a dagger and wearing a robe The fireball explodes!
The fireball engulfs the orc wizard.
You kill the orc wizard!
Vehumet accepts your kill.
You feel your power returning.
The fireball engulfs the orc wizard.
You kill the orc wizard!
Vehumet accepts your kill.
You feel your power returning.
A slime creature comes into view.
You now have 14/24 mp.
Unknown command.
Aim: a slime creature The fireball explodes!
The fireball engulfs the slime creature. x2
The slime creature quivers.
The fireball engulfs the slime creature.
A slime creature and a kobold come into view.
You now have 10/24 mp.
Unknown command.
Aim: a slime creature (lightly wounded)
The fireball explodes!
The fireball engulfs the slime creature. x3
The slime creature quivers.
The kobold shouts!
A worker ant comes into view.
You now have 5/24 mp.
Unknown command.
Aim: a slime creature (heavily wounded)
The fireball explodes!
The fireball engulfs the slime creature. x3
You are feeling hungry.
A two-headed ogre and an efreet come into view.
The efreet is wielding a scimitar of flaming.
You now have 0/24 mp.
Unknown command.
You don't have enough magic to cast that spell.
You don't have enough magic to cast that spell.
You breathe a wild blast of lightning!
The orb of electricity explodes!
The orb of electricity engulfs you! You resist.
You feel somewhat more hungry.
The two-headed ogre shouts in stereo!
You hear a shout! x6; You hear a bark!
You hear a shout!
You take 1 damage, and have 94/95 hp.
Unknown command.
Two slime creatures merge to form a large slime creature.
Two slime creatures merge to form a very large slime creature.
You climb upwards.
There is a stone staircase leading down here.
Unknown command.
Health restored: 95 Unknown command.
You barely miss the very large slime creature.
A very large slime creature splits.
You slash the large slime creature!
Your tail-slap misses the large slime creature.
The large slime creature hits you!! The slime creature closely misses you.
The large slime creature hits you but does no damage.
You take 29 damage, and have 66/95 hp.
MASSIVE DAMAGE!!
You hit the slime creature. The slime creature barely misses you.
The large slime creature hits you!!!
* * * LOW HITPOINT WARNING * * *
The slime creature hits you!
* * * LOW HITPOINT WARNING * * *
The large slime creature barely misses you.
You take 53 damage, and have 13/95 hp.
MASSIVE DAMAGE!!
Okay, then.
Unknown command.
Okay, then.
The slime creature completely misses you.
You riposte.
You slash the slime creature! The slime creature hits you!
* * * LOW HITPOINT WARNING * * *
You take 8 damage, and have 6/95 hp.
Okay, then.
Okay, then.
You have got your breath back.
You breathe a wild blast of lightning!
You hear a mighty clap of thunder!
The orb of electricity explodes!
The orb of electricity engulfs the slime creature.
You kill the slime creature!
Vehumet accepts your kill.
The orb of electricity engulfs the large slime creature.
The orb of electricity engulfs you! You resist.
You die...

#....#..... #....#.....
########## ###...(#'###.
#........# #..##.....##.
#........# #...'.....#..
#........# #...#.....#..
#.)......########.....#..
#........#..##..#.....#..
#.......@#..#...'.....#..
###'#..J.#..#...#.....###
#..#....#..##..##'##....
#..#....#..##..##..#....
#..#....#...#......#....
#..#>...#...#......+....
#..#....#...'..##'##....
#'##....#..##..#........
#..#....#..#####....####


You could see a large slime creature.

Vanquished Creatures
  4 two-headed ogres
  2 unseen horrors
  A cyclops (D:11)
  An ugly thing (D:11)
  A centaur skeleton (D:11)
  2 trolls
  The ghost of gorpus the Grasshopper, a novice VSWr of Cheibriados (D:5)
  A slime creature (D:11)
  2 hippogriffs
  Sigmund (D:5)
  A wyvern (D:9)
  5 yaks (D:11)
  A wraith (D:10)
  A vampire (D:9)
  2 steam dragons
  2 hungry ghosts
  2 soldier ants (D:9)
  An ice beast (D:9)
  3 orc warriors
  2 black bears
  A phantom (D:10)
  3 sky beasts
  3 ogres
  2 centaurs
  3 wolves (D:9)
  A crocodile (D:10)
  The ghost of soonmide the Sneak, an amateur OpWz (D:3)
  A big kobold (D:8)
  4 bullfrogs
  2 scorpions
  A water moccasin skeleton (D:8)
  5 killer bees (D:9)
  3 troll zombies (D:10)
  2 electric eels (D:9)
  3 howler monkeys
  2 centaur zombies
  A bullfrog zombie (D:9)
  2 crimson imps
  7 jellies
  A quasit (D:8)
  10 hounds
  5 orc priests
  3 bullfrog skeletons
  12 orc wizards
  4 iguanas
  11 worker ants
  3 ogre zombies (D:10)
  A hound skeleton (D:11)
  2 worker ant zombies
  Robin (D:3)
  7 gnolls
  15 adders
  3 shadow imps
  An adder skeleton (D:4)
  2 worms
  A dart slug (D:2)
  6 leopard geckos
  20 orcs
  3 giant cockroaches
  13 goblins
  12 hobgoblins
  9 jackals
  10 kobolds
  5 quokkas
  2 ball pythons
  7 bats
  A frilled lizard (D:3)
  A goblin skeleton (D:10)
  3 goblin zombies (D:10)
  A hobgoblin skeleton (D:10)
  A hobgoblin zombie (D:10)
  A jackal zombie (D:8)
  2 leopard gecko zombies
  3 orc skeletons (D:10)
  10 orc zombies (D:10)
  2 quokka skeletons
  A quokka zombie (D:7)
  12 rats
290 creatures vanquished.

Notes
Turn   | Place    | Note
-------+----------+-------------------------------------------
     0 | D:1      | MackTheKnife the Draconian Fire Elementalist began the quest for the Orb.
     0 | D:1      | Reached XP level 1. HP: 14/14 MP: 3/3
   287 | D:1      | Reached XP level 2. HP: 20/20 MP: 0/5
   310 | D:1      | Learned a level 2 spell: Throw Flame
  1115 | D:2      | Reached XP level 3. HP: 17/26 MP: 1/7
  1246 | D:2      | Reached skill level 2 in Conjurations
  1371 | D:2      | Reached skill level 3 in Spellcasting
  1594 | D:2      | Reached XP level 4. HP: 30/33 MP: 0/8
  1996 | D:3      | Noticed Robin
  2148 | D:3      | Reached skill level 3 in Conjurations
  2236 | D:3      | Reached XP level 5. HP: 38/38 MP: 3/10
  2366 | D:3      | Killed Robin
  2540 | D:3      | Found a faded altar of an unknown god.
  2687 | D:3      | Found a blossoming altar of Fedhas.
  2689 | D:3      | Noticed soonmide's ghost (amateur OpWz)
  2701 | D:3      | Learned a level 3 spell: Conjure Flame
  2892 | D:3      | Killed soonmide's ghost
  2892 | D:3      | Reached skill level 4 in Spellcasting
  2902 | D:3      | Reached skill level 4 in Conjurations
  3162 | D:3      | Reached XP level 6. HP: 45/45 MP: 7/12
  3691 | D:4      | Found a stormy altar of Qazlal.
  3691 | D:4      | Noticed a water elemental
  3702 | D:4      | Noticed a fire elemental
  3702 | D:4      | Noticed an air elemental
  3833 | D:4      | Reached skill level 5 in Spellcasting
  3943 | D:4      | Reached skill level 5 in Conjurations
  3943 | D:4      | Your scales start taking on a glossy black colour.
  3943 | D:4      | Reached XP level 7. HP: 43/50 MP: 6/14
  3943 | D:4      | Gained mutation: You are resistant to electric shocks. (rElec) [Black Draconian growth]
  4349 | D:4      | Found a staircase to the Ecumenical Temple.
  4358 | Temple   | Entered the Ecumenical Temple
  4376 | Temple   | Became a worshipper of Vehumet
  4431 | D:5      | Entered Level 5 of the Dungeon
  4761 | D:5      | Reached skill level 6 in Spellcasting
  4761 | D:5      | Reached skill level 6 in Conjurations
  5056 | D:5      | Reached XP level 8. HP: 54/57 MP: 13/17
  5092 | D:5      | Noticed Sigmund
  5092 | D:5      | Noticed gorpus's ghost (novice VSWr)
  5103 | D:5      | Learned a level 4 spell: Sticky Flame
  5107 | D:5      | Killed Sigmund
  5120 | D:5      | Killed gorpus's ghost
  5120 | D:5      | Reached skill level 7 in Spellcasting
  5120 | D:5      | Reached skill level 7 in Conjurations
  6210 | D:6      | Reached skill level 1 in Fighting
  6259 | D:6      | Reached * piety under Vehumet
  6259 | D:6      | Offered knowledge of Magic Dart by Vehumet.
  6261 | D:6      | Reached skill level 2 in Fighting
  6778 | D:7      | Noticed a hippogriff
  6785 | D:7      | Killed a hippogriff
  6785 | D:7      | Reached skill level 3 in Fighting
  6785 | D:7      | Reached XP level 9. HP: 62/71 MP: 6/20
  6870 | D:7      | Reached skill level 4 in Fighting
  7460 | D:8      | Reached skill level 5 in Fighting
  7739 | D:8      | Reached skill level 6 in Fighting
  7784 | D:8      | Noticed a two-headed ogre
  7797 | D:8      | Killed a two-headed ogre
  7797 | D:8      | Reached skill level 4 in Dodging
  7909 | D:8      | Found Wemenk's Magic Scroll Emporium.
  7965 | D:8      | Reached skill level 5 in Dodging
  8280 | D:8      | Reached ** piety under Vehumet
  8438 | D:9      | Offered knowledge of Sandblast by Vehumet.
  8438 | D:9      | Reached skill level 6 in Dodging
  8496 | D:9      | Reached XP level 10. HP: 64/83 MP: 8/21
  8544 | D:9      | Reached skill level 7 in Dodging
  8904 | D:9      | Offered knowledge of Throw Frost by Vehumet.
  8931 | D:9      | Reached skill level 8 in Dodging
  9112 | D:9      | Found a staircase to the Lair.
  9166 | D:9      | Reached *** piety under Vehumet
  9216 | D:9      | Reached skill level 7 in Fighting
  9689 | D:10     | Entered Level 10 of the Dungeon
  9810 | D:10     | Noticed a two-headed ogre
  9822 | D:10     | Killed a two-headed ogre
  9822 | D:10     | Reached skill level 8 in Fighting
  9906 | D:10     | Offered knowledge of Ignite Poison by Vehumet.
 10055 | D:10     | Reached skill level 8 in Conjurations
 10190 | D:10     | Found a staircase to the Orcish Mines.
 10197 | D:10     | Reached **** piety under Vehumet
 10203 | D:10     | Reached skill level 8 in Spellcasting
 10703 | D:10     | Offered knowledge of Iskenderun's Battlesphere by Vehumet.
 10710 | D:10     | Learned a level 5 spell: Iskenderun's Battlesphere
 10893 | D:11     | Reached XP level 11. HP: 95/95 MP: 17/23
 11177 | D:11     | Noticed a two-headed ogre
 11185 | D:11     | Killed a two-headed ogre
 11185 | D:11     | Reached skill level 9 in Conjurations
 11236 | D:11     | Killed an unseen horror
 11522 | D:11     | Reached skill level 9 in Spellcasting
 11615 | D:11     | Reached ***** piety under Vehumet
 11615 | D:11     | Offered knowledge of Ozocubu's Refrigeration by Vehumet.
 11888 | D:10     | Noticed an unseen horror
 11889 | D:10     | HP: 18/95 [unseen horror (11)]
 11889 | D:10     | Killed an unseen horror
 12242 | D:11     | Noticed a green ugly thing
 12252 | D:11     | Killed a green ugly thing
 12252 | D:11     | Reached skill level 10 in Conjurations
 12606 | D:11     | Noticed a two-headed ogre
 12620 | D:11     | Killed a two-headed ogre
 12731 | D:11     | Learned a level 5 spell: Fireball
 12951 | D:12     | Noticed a two-headed ogre
 12956 | D:11     | HP: 13/95 [slime creature (14)]
 12960 | D:11     | HP: 6/95 [slime creature (8)]
 12968 | D:11     | Killed themself with a badly aimed orb of electricity

Vault maps used:
D:1:      dpeg_arrival_rhombus, minmay_misc_feat_four_crosses, hex_intersection
D:2:      first_bread, glass_columns_b
D:3:      fedhas_altar_1, chequers_ecumenical_altar_island,
          minmay_misc_feat_nine_boxes, minmay_misc_feat_pillars,
          guppyfry_early_lair_pool, uniq_robin
D:4:      lemuel_temple_firewalk_b, nicolae_qazlal_style_of_elements
D:5:      serial_curves, eino_curves_04, eino_curves_04, serial_bayou_crossing,
          uniq_sigmund
D:6:      hangedman_abyss_or_decor_passed
D:7:      wad_pebble_path
D:8:      serial_shops, nicolae_shop_stone
D:9:      kennysheep_steamy, erik_lair_island, hangedman_pestilent_swarm
D:10:     zombieorc1_lemuel, minmay_statues_item
Temple:   roderic_octagonal_lattice_temple

Skill      XL: |  1  2  3  4  5  6  7  8  9 10 11 |
---------------+----------------------------------+-----
Conjurations   | 2 3 4 5 6 7 8 10 | 10.4
Spellcasting   | 3 4 5 6 7 8 9 |  9.8
Fighting       | 3 6 8 |  8.9
Dodging        | 6 8 |  8.0
Stealth        | |  1.7
Fire Magic     | |  3.2

Action                   |  1- 3 |  4- 6 |  7- 9 | 10-12 || total
-------------------------+-------+-------+-------+-------++-------
Melee: Unarmed           |    34 |     1 |       |       ||    35
       Tailslap          |     2 |     3 |    14 |    21 ||    40
       Whip              |    12 |     2 |       |       ||    14
       Spear             |       |    37 |       |       ||    37
       Great sword       |       |     5 |   153 |   150 ||   308
 Cast: Flame Tongue      |    54 |   108 |   144 |   160 ||   466
       Throw Flame       |       |     7 |    38 |    55 ||   100
       Conjure Flame     |       |     3 |     4 |    26 ||    33
       Sticky Flame      |       |       |    12 |    23 ||    35
       Iskenderun's Batt |       |       |       |     3 ||     3
       Fireball          |       |       |       |     6 ||     6
 Abil: Breathe Lightning |       |       |     9 |     8 ||    17
  Use: Scroll            |       |     2 |    15 |     1 ||    18
       Potion            |       |       |     2 |       ||     2
 Stab: Sleeping          |     1 |       |       |     4 ||     5
       Distracted        |       |       |     1 |       ||     1
  Eat: Chunk             |     3 |     7 |    11 |    19 ||    40
       Bread ration      |       |       |     1 |     1 ||     2
       Royal jelly       |       |       |     1 |       ||     1
       Fruit             |       |       |       |     1 ||     1
Armor: Skin              |    23 |    22 |   135 |    96 ||   276
Dodge: Dodged            |    46 |    69 |   217 |   243 ||   575
       Rpst.: Great sword |       |     7 |    68 |    66 ||   141

Vault maps used:
D:1:      dpeg_arrival_rhombus, minmay_misc_feat_four_crosses, hex_intersection
D:2:      first_bread, glass_columns_b
D:3:      fedhas_altar_1, chequers_ecumenical_altar_island,
          minmay_misc_feat_nine_boxes, minmay_misc_feat_pillars,
          guppyfry_early_lair_pool, uniq_robin
D:4:      lemuel_temple_firewalk_b, nicolae_qazlal_style_of_elements
D:5:      serial_curves, eino_curves_04, eino_curves_04, serial_bayou_crossing,
          uniq_sigmund
D:6:      hangedman_abyss_or_decor_passed
D:7:      wad_pebble_path
D:8:      serial_shops, nicolae_shop_stone
D:9:      kennysheep_steamy, erik_lair_island, hangedman_pestilent_swarm
D:10:     zombieorc1_lemuel, minmay_statues_item
Temple:   roderic_octagonal_lattice_temple

Table legend:
 A = Turns spent in this place as a percentage of turns spent in the entire game.
 B = Non-inter-level travel turns spent in this place as a percentage of non-inter-level travel turns spent in the entire game.
 C = Inter-level travel turns spent in this place as a percentage of turns spent in this place.
 D = Turns resting spent in this place as a percentage of non-inter-level travel turns spent in this place.
 E = Turns spent auto-exploring this place as a percentage of non-inter-level travel turns spent in this place.
 F = Non-inter-level travel turns spent in this place divided by the number of levels of this place that you've seen.
                   A       B       C       D       E      F
               +-------+-------+-------+-------+-------+----------------------
         Total | 100.0 | 100.0 |   0.5 |   5.8 |   9.9 | 242.4
       Dungeon |  99.5 |  99.5 |   0.5 |   5.9 |   9.9 | 261.2
        Temple |   0.5 |   0.5 |   5.9 |   0.0 |  12.5 |  16.0
               +-------+-------+-------+-------+-------+----------------------

Table legend:
 A = Kills in this place as a percentage of kills in entire the game.
 B = Kills by you in this place as a percentage of kills by you in the entire game.
 C = Kills by friends in this place as a percentage of kills by friends in the entire game.
 D = Other kills in this place as a percentage of other kills in the entire game.
 E = Experience gained in this place as a percentage of experience gained in the entire game.
 F = Experience gained in this place divided by the number of levels of this place that you have seen.
                   A       B       C       D       E      F
               +-------+-------+-------+-------+-------+----------------------
         Total | 100.0 | 100.0 |  -nan |  -nan | 100.0 | 1387.5
       Dungeon | 100.0 | 100.0 |  -nan |  -nan | 100.0 | 1503.2
               +-------+-------+-------+-------+-------+----------------------
